[Event "Early-Titled-Tuesday-Blitz-February-13-2024"]
[Site "Chess.com"]
[Date "2024.02.13"]
[Round "10"]
[White "Szparu"]
[Black "valorant64"]
[Result "1/2-1/2"]
[WhiteElo "2795"]
[BlackElo "2626"]
[TimeControl "180+1"]
[EndTime "9:57:49 PST"]
[Termination "Game drawn - insufficient material"]

1. e4 e6 2. d4 d5 3. Nc3 Bb4 4.
e5 Ne7 5. Bd2 c5 6. Nb5 Bxd2+ 7.
Qxd2 O-O 8. f4 cxd4 9. Nf3 Nbc6 10. Nbxd4 f6 11. exf6 Rxf6 12. O-O-O Nxd4 13. Nxd4 Nc6 14. g3 Bd7 15. h4 Rc8 16. h5 Nxd4 17. Qxd4 Qa5 18.
Kb1 h6 19. Bd3 Bb5 20. Bg6 Bc4 21. b3 Be2 22. Rd2 Bg4 23. Re1 Qc3 24. Re3 Qxd4 25.
Rxd4 Kf8 26. Kb2 Rc6 27. Re5 Rd6 28. c4 Bf3 29. f5 Ke7 30. c5 Rc6 31. b4 a5 32. a3 axb4 33. Rxb4 Rxc5 34. Rxb7+ Kd6 35. Rxe6+ Rxe6 36. fxe6 Kxe6 37. Rxg7 d4 38. Rh7 Bxh5 39. Rxh6 Bxg6 40. Rxg6+ Kf5 41. Rd6 Ke4 42. Kb3 d3 43.
Kb4 Rg5 44. a4 Rxg3 45. a5 Ke3 46. a6 Rg7 47. Kb5 d2 48. Rxd2 Kxd2 49. Kb6 Kc3 50. a7 Rxa7 51. Kxa7 1/2-1/2

[Event "Early-Titled-Tuesday-Blitz-February-13-2024"]
[Site "Chess.com"]
[Date "2024.02.13"]
[Round "10"]
[White "m_ezat"]
[Black "Hilary46"]
[Result "1-0"]
[WhiteElo "2449"]
[BlackElo "2609"]
[TimeControl "180+1"]
[EndTime "9:57:53 PST"]
[Termination "m_ezat won by resignation"]

1. e4 e5 2. Nf3 Nc6 3. Bb5 a6 4. Ba4 Nf6 5. O-O Nxe4 6. Re1 Nc5 7. Bxc6 dxc6 8. d4 Ne6 9. Nxe5 Be7 10. c3 O-O 11.
Nd2 c5 12. dxc5 Nxc5 13. Ndf3 Qxd1 14. Rxd1 f6 15. Nc4 Bg4 16. Bf4 Ne6 17. Bg3 Bxf3 18. gxf3 Rfd8 19. Re1 Kf7 20. Re2 Re8 21. Rae1 Bf8 22.
f4 Nc5 23. f5 b5 24. Na5 Nd3 25. Rxe8 Rxe8 26. Rd1 Nxb2 27. Rd7+ Re7 28. Rd8 Na4 29. Nc6 Re1+ 30. Kg2 Nxc3 31. Ra8 Nd5 32. Nd8+ Kg8 33. Ne6 Rxe6 34. fxe6 g6 35. Bxc7 Kg7 36. Bg3 Nb4 37.
Rxf8 Kxf8 38. Bd6+ 1-0

[Event "Early-Titled-Tuesday-Blitz-February-13-2024"]
[Site "Chess.com"]
[Date "2024.02.13"]
[Round "10"]
[White "jocmil"]
[Black "dropstoneDP"]
[Result "1/2-1/2"]
[WhiteElo "2759"]
[BlackElo "3044"]
[TimeControl "180+1"]
[EndTime "9:57:55 PST"]
[Termination "Game drawn by repetition"]

1. e4 e5 2. Bc4 Nf6 3. d3 c6 4. Nf3 d5 5. Bb3 Bb4+ 6. Bd2 Bxd2+ 7. Nbxd2 a5 8. a4 Nbd7 9. O-O O-O 10. Re1 Re8 11.
c3 Nc5 12. Bc2 Bg4 13. Qe2 Qd6 14. Qe3 Rad8 15. h3 Bh5 16. Nh4 Bg6 17. Nxg6 hxg6 18. Nf3 b6 19. Rad1 Qc7 20. Qg5 dxe4 21. dxe4 Rxd1 22.
Rxd1 Ncxe4 23. Qh4 Nc5 24. Ng5 Ne6 25. Bb3 Nxg5 26.
Qxg5 Kf8 27. Qh4 Kg8 28. Qg5 Kf8 29. Qh4 Ke7 30. Qc4 Kf8 31. Qh4 1/2-1/2

[Event "Early-Titled-Tuesday-Blitz-February-13-2024"]
[Site "Chess.com"]
[Date "2024.02.13"]
[Round "10"]
[White "Antipov_Mikhail_Al"]
[Black "Bigfish1995"]
[Result "0-1"]
[WhiteElo "2960"]
[BlackElo "3173"]
[TimeControl "180+1"]
[EndTime "9:57:59 PST"]
[Termination "Bigfish1995 won by resignation"]

1. h3 Na6 2. e4 Nc5 3. Nc3 e5 4. Nf3 Nf6 5. Nxe5 d6 6. Bb5+ c6 7. Nxc6 bxc6 8. Bxc6+ Bd7 9. Bxa8 Qxa8 10. d3 d5 11. exd5 Nxd5 12. Qf3 Bc6 13. O-O Nxc3 14. Qe3+ Ne6 15. bxc3 Bxg2 16. Re1 Bd6 17. Qg5 Bxh3 18. Qxg7 Rf8 19. Re4 Bf5 20. Re2 Kd7 0-1

[Event "Early-Titled-Tuesday-Blitz-February-13-2024"]
[Site "Chess.com"]
[Date "2024.02.13"]
[Round "10"]
[White "shimastream"]
[Black "TrahtarBelarus"]
[Result "1-0"]
[WhiteElo "2996"]
[BlackElo "2870"]
[TimeControl "180+1"]
[EndTime "9:58:00 PST"]
[Termination "shimastream won by resignation"]

1. c4 c6 2. Nf3 d5 3. g3 Nf6 4. Bg2 dxc4 5. O-O Nbd7 6. Qc2 Nb6 7.
Na3 Be6 8. Ne5 h5 9. Naxc4 Nxc4 10. Nxc4 h4 11. Rd1 hxg3 12. hxg3 Qd4 13. d3 Bd5 14. e4 Bxc4 15. dxc4 Qe5 16. Bf4 Qh5 17. e5 g5 18. exf6 gxf4 19. Qe4 Qc5 20. b4 Qb6 21. Qxf4 e6 22. c5 Qb5 23. Qc7 Bh6 1-0

[Event "Early-Titled-Tuesday-Blitz-February-13-2024"]
[Site "Chess.com"]
[Date "2024.02.13"]
[Round "10"]
[White "johnmez"]
[Black "Shodikulov_Jamshid1990"]
[Result "0-1"]
[WhiteElo "2268"]
[BlackElo "2371"]
[TimeControl "180+1"]
[EndTime "9:58:00 PST"]
[Termination "Shodikulov_Jamshid1990 won on time"]

1. d4 Nf6 2. c4 c5 3. d5 b5 4. a4 b4 5. Nd2 g6 6. e4 d6 7. f4 Bg7 8. Ngf3 O-O 9. Bd3 e6 10.
O-O exd5 11. exd5 Re8 12. Rb1 a5 13. b3 Ra7 14. Bb2 Rae7 15. h3 Nbd7 16. Qc2 Bh6 17. f5 Nh5 18. fxg6 Be3+ 19. Kh2 fxg6 20. Bxg6 Bf4+ 21. Kg1 Be3+ 22. Kh1 Ng3+ 23. Kh2 Nxf1+ 24. Rxf1 Ne5 25. Bxe8 Qxe8 26. Nxe5 dxe5 27. Ne4 Qg6 28. Nf6+ Kg7 29. Qxg6+ Kxg6 30. d6 Rf7 31. Bxe5 Bg5 32. d7 Bxd7 33. Nxd7 Rxf1 34. Nxc5 Rf5 35. Bd4 Bf4+ 36.
Kg1 Bg3 37. Nd3 Rf8 38. Bf2 Bxf2+ 39. Nxf2 Re8 40. Nd3 Re3 41. Nc5 Kf5 42. Kf2 Rc3 43. Ke2 Kf4 44. Kd2 Rg3 0-1

[Event "Early-Titled-Tuesday-Blitz-February-13-2024"]
[Site "Chess.com"]
[Date "2024.02.13"]
[Round "10"]
[White "profedechess93"]
[Black "SpeedofLight0"]
[Result "0-1"]
[WhiteElo "2665"]
[BlackElo "3059"]
[TimeControl "180+1"]
[EndTime "9:58:02 PST"]
[Termination "SpeedofLight0 won by resignation"]

1. e4 Nc6 2. Nf3 d6 3. d4 Nf6 4.
Nc3 g6 5. d5 Nb8 6. Bg5 Bg7 7.
Qd2 h6 8. Be3 a5 9. O-O-O c6 10.
h3 Nbd7 11. g4 Qc7 12. Kb1 Nb6 13. Bd4 a4 14. a3 c5 15. Be3 Nfd7 16. h4 Nf6 17. g5 Ng4 18. gxh6 Nxh6 19. h5 Bg4 20. Bb5+ Nd7 21. Be2 Bxh5 22. Rdg1 Ng4 23. Ng5 Nxe3 24. Qxe3 Bxe2 25. Rxh8+ Bxh8 26. Nxe2 Qb6 27. c3 Ne5 28. Qh3 Nc4 29. Qxh8+ Kd7 30. Qh3+ Kc7 31. b4 axb3 32. Qh7 Rxa3 0-1

[Event "Early-Titled-Tuesday-Blitz-February-13-2024"]
[Site "Chess.com"]
[Date "2024.02.13"]
[Round "10"]
[White "HATilay"]
[Black "viviania"]
[Result "1-0"]
[WhiteElo "2571"]
[BlackElo "2892"]
[TimeControl "180+1"]
[EndTime "9:58:04 PST"]
[Termination "HATilay won by resignation"]

1. e4 Nf6 2. e5 Nd5 3. d4 d6 4. Nf3 dxe5 5. Nxe5 c6 6. Bc4 Bf5 7. O-O Nd7 8. Nf3 e6 9. h3 Be7 10. c3 O-O 11. Re1 b5 12. Bf1 a5 13. Nbd2 a4 14.
a3 Qc7 15. c4 bxc4 16. Nxc4 Rfb8 17. Bg5 Bxg5 18. Nxg5 c5 19. Rc1 Qd8 20. Nf3 Bg6 21. Nfe5 Nxe5 22. Nxe5 Rxb2 23. dxc5 Rb3 24. Bc4 Rxa3 25.
Bxd5 Qxd5 26. Qxd5 exd5 27. c6 Bf5 28. Nd7 g6 29. Nb6 Rb8 30. Nxd5 Kg7 31. c7 Rb2 32. Ne7 Bd7 33. Rcd1 1-0

[Event "Early-Titled-Tuesday-Blitz-February-13-2024"]
[Site "Chess.com"]
[Date "2024.02.13"]
[Round "10"]
[White "GMBenjaminBok"]
[Black "WhiteKnight2612"]
[Result "0-1"]
[WhiteElo "2970"]
[BlackElo "2897"]
[TimeControl "180+1"]
[EndTime "9:58:09 PST"]
[Termination "WhiteKnight2612 won by resignation"]

1. d4 Nf6 2. c4 e6 3. Nc3 Bb4 4. Qc2 O-O 5. a3 Bxc3+ 6. Qxc3 d5 7. Bg5 h6 8. Bxf6 Qxf6 9. Nf3 c6 10. h4 Nd7 11. g4 Re8 12. g5 hxg5 13. hxg5 Qe7 14. cxd5 exd5 15. O-O-O Nf8 16. e3 Qe4 17. Be2 Bf5 18.
Nd2 Qg2 19. Rdf1 Qxg5 20. Nf3 Qg4 21. Rfg1 Qe4 22. Rh4 Qe7 23. Rgh1 Ng6 24. R4h2 Rac8 25. Ne5 c5 26. Nxg6 fxg6 27. Kd2 Kf7 28. Bf3 Qd6 29. Qb3 Be6 30. Qxb7+ Rc7 31. Qb3 cxd4 32. Rh4 dxe3+ 33.
fxe3 d4 34. Rxd4 Qxd4+ 0-1

[Event "Early-Titled-Tuesday-Blitz-February-13-2024"]
[Site "Chess.com"]
[Date "2024.02.13"]
[Round "10"]
[White "ChessFanNM"]
[Black "Kunalm64"]
[Result "0-1"]
[WhiteElo "2317"]
[BlackElo "2512"]
[TimeControl "180+1"]
[EndTime "9:58:11 PST"]
[Termination "Kunalm64 won by checkmate"]

1. e4 c6 2. d4 d5 3. exd5 cxd5 4. Nf3 Nc6 5. c4 Nf6 6. Nc3 Be6 7. c5 Bg4 8. Bb5 e6 9. Qa4 Bxf3 10. Bxc6+ bxc6 11. Qxc6+ Nd7 12. gxf3 Be7 13. Bf4 O-O 14. O-O Bf6 15. Rad1 a6 16. Rfe1 h6 17. Na4 Bg5 18. Bg3 h5 19. Nb6 Ra7 20. Nxd7 Rxd7 21. Qxa6 h4 22.
Bd6 Be7 23. Bxe7 Qxe7 24. Kh1 h3 25. Rg1 Ra7 26. Qd3 Rxa2 27. Rg3 Rxb2 28. Rxh3 g6 29. Kg2 Ra8 30. Rg3 Raa2 31. Rf1 Qf6 32. Qe3 Re2 33.
Qb3 Qxd4 34. Qb8+ Kg7 35. Kh3 Rxf2 36. Rxf2 Qxf2 37. Qe5+ Kh7 38. Qf6 Qxh2+ 39. Kg4 Ra4+ 40. f4 Qh5# 0-1

[Event "Early-Titled-Tuesday-Blitz-February-13-2024"]
[Site "Chess.com"]
[Date "2024.02.13"]
[Round "10"]
[White "yuriydovzik"]
[Black "romulocardoso"]
[Result "0-1"]
[WhiteElo "2106"]
[BlackElo "2355"]
[TimeControl "180+1"]
[EndTime "9:58:12 PST"]
[Termination "romulocardoso won on time"]

1. Nf3 Nf6 2. b3 d5 3. Bb2 g6 4.
c4 dxc4 5. bxc4 Bg7 6. d3 O-O 7. g3 c5 8. Bg2 Qb6 9. Bc3 Nc6 10. O-O Bg4 11. Nbd2 Rfd8 12. Rb1 Qc7 13. h3 Bxf3 14. Nxf3 Rac8 15. Qb3 b6 16. Qb2 Qd7 17. Ne5 Nxe5 18. Bxe5 Qe6 19. Bc3 Bh6 20. a4 Nh5 21. a5 Rd6 22. axb6 Rxb6 23. Qa2 Rcb8 24. Rxb6 axb6 25. Re1 Be3 26. Kf1 Nxg3+ 27. fxg3 Qf5+ 28. Bf3 Qxh3+ 29. Bg2 Qxg3 0-1

[Event "Early-Titled-Tuesday-Blitz-February-13-2024"]
[Site "Chess.com"]
[Date "2024.02.13"]
[Round "10"]
[White "mishanick"]
[Black "AlexeiShirov"]
[Result "1-0"]
[WhiteElo "2984"]
[BlackElo "2860"]
[TimeControl "180+1"]
[EndTime "9:58:13 PST"]
[Termination "mishanick won by resignation"]

1. d4 d5 2. c4 c6 3. Nc3 Nf6 4. Nf3 e6 5. Bg5 dxc4 6. e4 b5 7. e5 h6 8. Bh4 g5 9. Nxg5 hxg5 10. Bxg5 Nbd7 11. exf6 Bb7 12. Be2 Nxf6 13. Bf3 Be7 14. Qd2 Nd5 15. Bxe7 Qxe7 16. Bxd5 exd5+ 17. Qe2 b4 18.
Na4 Rh4 19. Nc5 Rxd4 20. Qxe7+ Kxe7 21. Nxb7 Rb8 22. Nc5 Kd6 23. Na4 Re8+ 24. Kf1 Rd2 25. h4 Ree2 26. Rh2 Rxf2+ 27. Kg1 d4 28. h5 c3 29. bxc3 bxc3 30. h6 c2 31. h7 Rfe2 32. Rh6+ Kc7 33. h8=Q Rd1+ 34. Kh2 Rxa1 35. Qf6 Rh1+ 36.
Kxh1 c1=Q+ 37. Kh2 Qc4 38. Qd6+ Kb7 39. Nc5+ 1-0

[Event "Early-Titled-Tuesday-Blitz-February-13-2024"]
[Site "Chess.com"]
[Date "2024.02.13"]
[Round "10"]
[White "HelvertHernandez"]
[Black "miraitrunks"]
[Result "0-1"]
[WhiteElo "1969"]
[BlackElo "2189"]
[TimeControl "180+1"]
[EndTime "9:58:13 PST"]
[Termination "miraitrunks won by checkmate"]

1. e4 c5 2. Nf3 Nc6 3. d4 cxd4 4. Nxd4 g6 5. Nc3 Bg7 6. Be3 Nf6 7. Bc4 O-O 8. Bb3 Na5 9. Bxf7+ Kxf7 10. e5 Ng8 11. Ne4 Nc4 12. Ng5+ Ke8 13. Nxh7 Nxe3 14. fxe3 Bxe5 15.
Nxf8 Kxf8 16. O-O+ Nf6 17. Qg4 Kg7 18. Nf5+ Kh7 19.
Qh4+ Kg8 20. Nh6+ Kg7 21. Qg5 d6 22. h4 Qh8 23. Nf5+ Bxf5 24. Rxf5 Kf7 25. Rf3 Bxb2 26. Raf1 Qh5 27. Qg3 Rh8 28. Rf4 Ke8 29. e4 Bd4+ 30.
Kh2 Be5 31. Qb3 Qxh4+ 32. Kg1 Bd4+ 33. R1f2 Qh1# 0-1

[Event "Early-Titled-Tuesday-Blitz-February-13-2024"]
[Site "Chess.com"]
[Date "2024.02.13"]
[Round "10"]
[White "baki83"]
[Black "traviscottofficial"]
[Result "1-0"]
[WhiteElo "2846"]
[BlackElo "2677"]
[TimeControl "180+1"]
[EndTime "9:58:14 PST"]
[Termination "baki83 won by resignation"]

1. e4 c5 2. Nf3 Nc6 3. Bb5 e6 4.
O-O Nge7 5. Re1 a6 6. Bxc6 Nxc6 7. d4 cxd4 8. Nxd4 Nxd4 9. Qxd4 Qc7 10. Nc3 b5 11. a4 bxa4 12. Nd5 Qc6 13. Bf4 d6 14. Rxa4 e5 15. Bxe5 dxe5 16. Qxe5+ Be6 17. Nc7+ Ke7 18. Rea1 Rc8 19. Nd5+ Ke8 20. Rxa6 Qxc2 21. Ra8 Be7 22.
Rxc8+ Qxc8 23. Nc7+ Kf8 24. Ra8 Qxa8 25. Nxa8 h5 26.
Qb8+ 1-0

[Event "Early-Titled-Tuesday-Blitz-February-13-2024"]
[Site "Chess.com"]
[Date "2024.02.13"]
[Round "10"]
[White "RantomOpening"]
[Black "hsd2016"]
[Result "1-0"]
[WhiteElo "2486"]
[BlackElo "2336"]
[TimeControl "180+1"]
[EndTime "9:58:15 PST"]
[Termination "RantomOpening won by resignation"]

1. e4 e5 2. Nf3 Nc6 3. c3 Nf6 4. d4 d6 5. Bd3 Be7 6. O-O O-O 7. Re1 exd4 8. cxd4 Bg4 9. Be3 d5 10. e5 Ne4 11.
Nc3 Nxc3 12. bxc3 f6 13. h3 Bxf3 14. Qxf3 fxe5 15. Qh5 e4 16. Bc2 Na5 17. f3 g6 18.
Qh6 Nc4 19. fxe4 Nxe3 20. Qxe3 Bg5 21. Qd3 c6 22. Bb3 Bh4 23. Rf1 Qg5 24. exd5 cxd5 25. Qe4 Rfd8 26. Qe6+ Kh8 27. Rf7 Re8 28. Qd7 Qe3+ 29.
Kh1 Re7 30. Rxe7 Qxe7 31. Qxe7 Bxe7 32. Bxd5 Rc8 33. c4 b6 34. Rf1 Re8 35. Bc6 Rd8 36.
Rf7 Bd6 37. d5 a5 38. a4 Kg8 39. Rf3 Re8 40. Bxe8 1-0

[Event "Early-Titled-Tuesday-Blitz-February-13-2024"]
[Site "Chess.com"]
[Date "2024.02.13"]
[Round "10"]
[White "MokshAD1603"]
[Black "N4700000"]
[Result "1-0"]
[WhiteElo "2616"]
[BlackElo "2470"]
[TimeControl "180+1"]
[EndTime "9:58:18 PST"]
[Termination "MokshAD1603 won by resignation"]

1. c4 g6 2. Nc3 Bg7 3. d4 d6 4.
Nf3 e5 5. e4 Nc6 6. Be3 Bg4 7.
dxe5 Nxe5 8. Be2 Bxf3 9. gxf3 Nf6 10. Qb3 O-O 11. O-O Qd7 12. Kh1 Qh3 13. Qd1 Qh4 14. Rg1 Bh6 15. Qd2 Bxe3 16. fxe3 Rfe8 17. f4 Neg4 18. Bf3 Nf2+ 19. Kg2 N2xe4 20. Nxe4 Nxe4 21.
Qe1 Qf6 22. Qe2 Nc5 23. Kh1 a5 24. b3 Re7 25. Rae1 Rae8 26. Qd2 b6 27. Bc6 Rd8 28.
e4 d5 29. exd5 Ne4 30. Qg2 Qxf4 31. Rgf1 Qh4 32. Qf3 Rde8 33. Bxe8 Rxe8 34. Qxf7+ 1-0

[Event "Early-Titled-Tuesday-Blitz-February-13-2024"]
[Site "Chess.com"]
[Date "2024.02.13"]
[Round "10"]
[White "Chessdude1987"]
[Black "jaskol95"]
[Result "0-1"]
[WhiteElo "2388"]
[BlackElo "2582"]
[TimeControl "180+1"]
[EndTime "9:58:20 PST"]
[Termination "jaskol95 won by resignation"]

1. e4 d5 2. exd5 Nf6 3. c4 c6 4.
Nc3 cxd5 5. d4 Nc6 6. Nf3 Bg4 7. cxd5 Nxd5 8. Qb3 Bxf3 9. gxf3 e6 10. Qxb7 Nxd4 11. Bb5+ Nxb5 12. Qc6+ Ke7 13. Qxb5 Qd7 14. Nxd5+ exd5 15.
Qxd7+ Kxd7 16. Be3 Be7 17. O-O-O Kc6 18. Rd3 Bf6 19.
Rhd1 Rhd8 20. R1d2 a5 21. Rc2+ Kd6 22. Bc5+ Ke6 23.
Bd4 Bxd4 24. Rxd4 Ke5 25. Ra4 Rdc8 26. Rxc8 Rxc8+ 27. Kd2 Rc5 28. a3 Rb5 29. b4 axb4 30. Rxb4 Rxb4 31. axb4 Kd4 32. Kc2 Kc4 33. b5 Kxb5 34.
Kd3 Kc5 35. f4 f5 36. h3 g6 37. h4 d4 38. f3 Kd5 39. Kd2 Kc4 40. Kc2 d3+ 41.
Kd2 Kd4 0-1

[Event "Early-Titled-Tuesday-Blitz-February-13-2024"]
[Site "Chess.com"]
[Date "2024.02.13"]
[Round "10"]
[White "manitodeplomo"]
[Black "chess_blitz00"]
[Result "1-0"]
[WhiteElo "2649"]
[BlackElo "2467"]
[TimeControl "180+1"]
[EndTime "9:58:21 PST"]
[Termination "manitodeplomo won on time"]

1. d4 d6 2. Nf3 Nc6 3. d5 Ne5 4. Nc3 Nxf3+ 5. exf3 e5 6. dxe6 Bxe6 7. Bf4 Nf6 8. Qd4 Be7 9. O-O-O a6 10. g4 O-O 11.
h4 Nd7 12. g5 Nc5 13. Nd5 Re8 14. Nxe7+ Qxe7 15. Bd3 Nxd3+ 16. Rxd3 Bf5 17. Re3 Qd7 18.
Rhe1 Re6 19. h5 Rae8 20. h6 f6 21. hxg7 Rxe3 22. Rxe3 Rxe3 23. Bxe3 fxg5 24. Qf6 Qf7 25. Qxg5 Bg6 26. Bd4 c5 27. Bc3 b5 28. Qd8+ Qe8 29. Qxd6 b4 30. Be5 Bf7 31. Qxc5 1-0

[Event "Early-Titled-Tuesday-Blitz-February-13-2024"]
[Site "Chess.com"]
[Date "2024.02.13"]
[Round "10"]
[White "Schattman"]
[Black "Chess_Gainz"]
[Result "0-1"]
[WhiteElo "2424"]
[BlackElo "2565"]
[TimeControl "180+1"]
[EndTime "9:58:26 PST"]
[Termination "Chess_Gainz won by checkmate"]

1. f4 d5 2. Nf3 g6 3. g3 Bg7 4.
Bg2 Nf6 5. O-O c5 6. Ne5 O-O 7. d3 Ng4 8. Nxg4 Bxg4 9. c4 Be6 10. Nc3 Bxc3 11. bxc3 Nc6 12. Be3 d4 13. cxd4 cxd4 14.
Bd2 Qd7 15. Rb1 Rab8 16. Qa4 Bh3 17. Rb5 Bxg2 18. Kxg2 f6 19. Rfb1 e5 20. h3 Rfe8 21. Rd5 Qe6 22. fxe5 fxe5 23. Rf1 Rf8 24. Rxf8+ Rxf8 25. Bh6 Rf7 26. Qd1 e4 27. Qd2 e3 28. Qb2 Rf2+ 29.
Kg1 Qxh3 30. Rd8+ Nxd8 31. Qxb7 Qh2# 0-1

[Event "Early-Titled-Tuesday-Blitz-February-13-2024"]
[Site "Chess.com"]
[Date "2024.02.13"]
[Round "10"]
[White "Dinosaurio_1975"]
[Black "esrosenberg"]
[Result "1-0"]
[WhiteElo "2596"]
[BlackElo "2432"]
[TimeControl "180+1"]
[EndTime "9:58:26 PST"]
[Termination "Dinosaurio_1975 won by resignation"]

1. Nf3 d5 2. e3 c5 3. c4 d4 4.
exd4 cxd4 5. d3 Nc6 6. g3 e5 7.
Bg2 Bb4+ 8. Nbd2 a5 9. O-O Nge7 10. a3 Bd6 11. b3 O-O 12. Rb1 f6 13. Ne4 Bg4 14.
c5 Bc7 15. b4 axb4 16. axb4 Kh8 17. h3 Be6 18. b5 Na5 19. b6 Bb8 20. Ra1 Ra6 21.
Bd2 Nb3 22. Rxa6 bxa6 23. Qc2 Nc6 24. Rb1 Nxd2 25. Nfxd2 Bd5 26. Nc4 a5 27. Ned6 Bxg2 28. Kxg2 Bxd6 29. Nxd6 Nb4 30. Qc4 f5 31. Nf7+ Rxf7 32.
Qxf7 f4 33. b7 fxg3 34. fxg3 h6 35. c6 Nxc6 36. Rc1 Qb6 37. Qe8+ Kh7 38. Qxc6 Qb2+ 39.
Rc2 Qb3 40. Qe4+ g6 41. Rc7+ Kh8 42. Qxe5+ 1-0

[Event "Early-Titled-Tuesday-Blitz-February-13-2024"]
[Site "Chess.com"]
[Date "2024.02.13"]
[Round "10"]
[White "stratacticos"]
[Black "arnash_bauyrzhan"]
[Result "1-0"]
[WhiteElo "1981"]
[BlackElo "2236"]
[TimeControl "180+1"]
[EndTime "9:58:26 PST"]
[Termination "stratacticos won on time"]

1. e4 c5 2. Nc3 Nc6 3. g3 g6 4. Bg2 Bg7 5. d3 e6 6. Be3 d6 7. f4 Nge7 8. Nf3 Nd4 9. O-O O-O 10. Qd2 Rb8 11. Nd1 b5 12. Ne1 b4 13. c3 bxc3 14.
bxc3 Ndc6 15. Nf3 Qa5 16. g4 Ba6 17. f5 exf5 18. gxf5 gxf5 19. Bh6 fxe4 20. Bxg7 Kxg7 21. Qg5+ Ng6 22. Nh4 Ne7 23. Qf6+ Kg8 24. Bxe4 c4 25. Ne3 Qc5 26. d4 Qh5 27. Nef5 Nxf5 28. Nxf5 Qg4+ 29. Bg2 Qxf5 30. Rxf5 Rb2 31. Raf1 Bc8 32. Rg5 1-0

[Event "Early-Titled-Tuesday-Blitz-February-13-2024"]
[Site "Chess.com"]
[Date "2024.02.13"]
[Round "10"]
[White "lachesisQ"]
[Black "VladimirKramnik"]
[Result "1-0"]
[WhiteElo "3058"]
[BlackElo "2928"]
[TimeControl "180+1"]
[EndTime "9:58:27 PST"]
[Termination "lachesisQ won on time"]

1. e4 c5 2. Nf3 d6 3. d4 cxd4 4. Nxd4 Nf6 5. Nc3 a6 6. Bd3 Nc6 7. Nxc6 bxc6 8. b3 g6 9. Bb2 Bg7 10. O-O O-O 11. Na4 Ng4 12. Bxg7 Kxg7 13. h3 Ne5 14. f4 Nxd3 15. Qxd3 f6 16. Rad1 Qc7 17.
c4 c5 18. e5 dxe5 19. fxe5 Qxe5 20. Rfe1 Qc7 21. Qe3 e5 22. Qxc5 Qxc5+ 23. Nxc5 a5 24. Rd6 Ra7 25. Red1 g5 26. Kf2 h5 27.
Ke3 Kg6 28. Ne4 Bf5 29. Rf1 Bxe4 30. Kxe4 g4 31. h4 Rc7 32. Rf5 a4 33. Rxe5 axb3 34. axb3 Rb8 35. Rg5+ Kf7 36. Rxh5 Re7+ 37. Kf4 Rxb3 38.
Rh7+ Ke8 39. Rh8+ Kf7 40. Rh6 Rc7 41. Rh7+ Kg6 42. Rxc7 1-0

[Event "Early-Titled-Tuesday-Blitz-February-13-2024"]
[Site "Chess.com"]
[Date "2024.02.13"]
[Round "10"]
[White "CSB7"]
[Black "Grossboss19"]
[Result "1-0"]
[WhiteElo "2771"]
[BlackElo "2614"]
[TimeControl "180+1"]
[EndTime "9:58:27 PST"]
[Termination "CSB7 won by resignation"]

1. c4 e6 2. g3 d5 3. Bg2 c5 4.
cxd5 exd5 5. Nf3 Nc6 6. d4 Bg4 7.
Ne5 Nxe5 8. dxe5 Be6 9. Nc3 Ne7 10. Bg5 Qa5 11. O-O Rd8 12. f4 d4 13. Ne4 Nc6 14. Bxd8 Qxd8 15. Rc1 Bd5 16. Nxc5 Bxg2 17. Kxg2 Qd5+ 18.
e4 Qxa2 19. Qb3 Qxb3 20. Nxb3 Bb4 21. Rfd1 O-O 22. Nxd4 Na5 23. Nc2 Be7 24. Ne3 Nc6 25. Rd7 Rb8 26. Rxc6 bxc6 27. Rxe7 Rxb2+ 28. Kf3 g6 29. f5 Rb8 30. Rxa7 Rc8 31. Nc4 c5 32. Nd6 Rc6 33. Ra8+ Kg7 34. f6+ Kh6 35. Nxf7+ Kh5 36. Rh8 1-0

[Event "Early-Titled-Tuesday-Blitz-February-13-2024"]
[Site "Chess.com"]
[Date "2024.02.13"]
[Round "10"]
[White "LiadCuba"]
[Black "Orest_Vovk"]
[Result "1-0"]
[WhiteElo "2520"]
[BlackElo "2682"]
[TimeControl "180+1"]
[EndTime "9:58:28 PST"]
[Termination "LiadCuba won by checkmate"]

1. d4 h6 2. c4 g5 3. e4 Bg7 4. h4 g4 5. Qxg4 Bxd4 6. Qd1 Nc6 7.
Nf3 Bg7 8. Nc3 Bxc3+ 9. bxc3 d6 10. Nd4 Ne5 11. Be2 c5 12. Nc2 Qa5 13. O-O Nf6 14. Bf4 Rg8 15. Bxe5 dxe5 16. Ne3 Qxc3 17. Rb1 Qd4 18. Qc2 Qxe4 19. Bd3 Qxh4 20. Bf5 Bxf5 21. Nxf5 Qg5 22. f4 exf4 23. Rxb7 Ng4 24. Qe4 Ne3 25. Rxe7+ Kf8 26. Qxa8# 1-0

[Event "Early-Titled-Tuesday-Blitz-February-13-2024"]
[Site "Chess.com"]
[Date "2024.02.13"]
[Round "10"]
[White "BardArtem"]
[Black "KbzasDavid16"]
[Result "1-0"]
[WhiteElo "2766"]
[BlackElo "2561"]
[TimeControl "180+1"]
[EndTime "9:58:29 PST"]
[Termination "BardArtem won on time"]

1. e4 c5 2. c3 d5 3. exd5 Qxd5 4. d4 g6 5. Nf3 Bg7 6. Nbd2 Nf6 7. Bc4 Qf5 8. O-O O-O 9. Re1 Nc6 10. dxc5 Qxc5 11. Qe2 b6 12. Nb3 Qd6 13. Bg5 Bb7 14. Rad1 Qc7 15. Nbd4 Nxd4 16. Nxd4 e6 17. Bb3 Ne4 18. Be3 Rfd8 19. Bxe6 Bxd4 20. Bxd4 fxe6 21. f3 e5 22.
Be3 Nc5 23. Qc4+ Qf7 24. Qh4 Ne6 25. Bf2 Rd7 26. Rxd7 Qxd7 27. Rxe5 Rd8 28. Rxe6 Qd1+ 29.
Re1 Qd2 30. Re7 h5 31. Qf6 Qc1+ 32. Be1 Qh6 33. Rxb7 Qe3+ 34. Kf1 Qd3+ 35. Kf2 1-0

[Event "Early-Titled-Tuesday-Blitz-February-13-2024"]
[Site "Chess.com"]
[Date "2024.02.13"]
[Round "10"]
[White "sharkarton"]
[Black "Elnaz_Kaliakhmet"]
[Result "0-1"]
[WhiteElo "2521"]
[BlackElo "2379"]
[TimeControl "180+1"]
[EndTime "9:58:32 PST"]
[Termination "Elnaz_Kaliakhmet won on time"]

1. e4 c5 2. Nf3 Nc6 3. d4 cxd4 4. Nxd4 Nf6 5. Nc3 d6 6. f3 e5 7. Nb3 Be6 8. Be3 Be7 9. Qd2 d5 10. exd5 Nxd5 11. Nxd5 Qxd5 12. Qxd5 Bxd5 13. O-O-O O-O-O 14. c4 Be6 15. Be2 f5 16. Nc5 Bf7 17. a3 b6 18.
Nb3 Kb7 19. Kc2 g5 20. h4 h6 21. hxg5 hxg5 22. Rxh8 Rxh8 23. c5 Bxb3+ 24. Kxb3 Bxc5 25.
Bxc5 bxc5 26. Bb5 Nd4+ 27. Kc4 Kb6 28. Bd7 Rh7 29. Be8 Rh8 30. Bd7 Rh4 31. Kd5 e4 32. b4 exf3 33. bxc5+ Kc7 34. Ba4 fxg2 35. Rg1 Ne2 36. Rb1 g1=Q 37. Rxg1 Nxg1 38. Bc2 f4 0-1

[Event "Early-Titled-Tuesday-Blitz-February-13-2024"]
[Site "Chess.com"]
[Date "2024.02.13"]
[Round "10"]
[White "Hikaru"]
[Black "Msb2"]
[Result "0-1"]
[WhiteElo "3351"]
[BlackElo "3016"]
[TimeControl "180+1"]
[EndTime "9:58:33 PST"]
[Termination "Msb2 won by resignation"]

1. d4 d5 2. Bg5 h6 3. Bh4 c5 4. dxc5 g5 5. Bg3 Bg7 6. c3 Na6 7. Nf3 Nxc5 8. e3 Nf6 9. Be5 Qb6 10. Nbd2 Bf5 11. Bd4 Qc7 12. Bb5+ Bd7 13. Be2 Bf5 14.
h4 g4 15. Ne5 h5 16. Bb5+ Kf8 17. f4 a6 18. Be2 Nfe4 19. Nb3 Na4 20. Nd3 Ng3 21.
Bxg7+ Kxg7 22. Nd4 Bxd3 23. Qxd3 Nxh1 24. Nf5+ Kf6 25.
Qd4+ e5 26. Qxa4 Kxf5 27. O-O-O Ng3 28. Bd3+ Kf6 29. Bc2 Rad8 30. Kb1 Kg7 31. Qb4 Rh6 32. f5 Rb6 33. Qa5 0-1

[Event "Early-Titled-Tuesday-Blitz-February-13-2024"]
[Site "Chess.com"]
[Date "2024.02.13"]
[Round "10"]
[White "ClaudiaSof"]
[Black "Cirky"]
[Result "0-1"]
[WhiteElo "2326"]
[BlackElo "2484"]
[TimeControl "180+1"]
[EndTime "9:58:36 PST"]
[Termination "Cirky won by checkmate"]

1. d4 Nf6 2. Bf4 d5 3. e3 e6 4. Nd2 c5 5. c3 Nc6 6. Ngf3 cxd4 7. exd4 Nh5 8. Be3 Bd6 9. Ne5 g6 10. Nd3 O-O 11. g3 f5 12. Bg2 f4 13. gxf4 Nxf4 14. Nxf4 Bxf4 15. Qe2 e5 16. dxe5 Bxe5 17. O-O-O Qa5 18.
Kb1 Bf5+ 19. Ka1 Rad8 20. Nb3 Qc7 21. Bxd5+ Kh8 22. h4 a5 23. h5 a4 24. hxg6 Bxg6 25.
Bxc6 bxc6 26. Rxd8 Rxd8 27. Nd4 a3 28. Ne6 axb2+ 29.
Qxb2 Qa5 30. Nxd8 Qxc3 31. Qxc3 Bxc3# 0-1